 Dungeon Crawl Stone Soup version 0.31.0-11-ge490571c62 (webtiles) character file.

Game seed: 4332408430199434955

151 Chiseanne the Cutter (level 5, 38/38 HPs)
             Began as a Demonspawn Wanderer on Feb 10, 2024.
             Quit the game on level 4 of the Dungeon.
             The game lasted 00:04:09 (2556 turns).

Chiseanne the Cutter (Demonspawn Wanderer)          Turns: 2556, Time: 00:04:10

Health: 38/38      AC:  7    Str: 12    XL:     5   Next: 11%
Magic:  5/5        EV:  9    Int: 12    God:
Gold:   163        SH:  5    Dex: 15    Spells: 4/4 levels left

rFire   . . .        a - +3 short sword
rCold   . . .        c - +0 buckler
rNeg    . . .        k - +0 scale mail
rPois   .            n - +0 helmet
rElec   .            (no cloak)
rCorr   +            (no gloves)
SInv    .            (no boots)
Will    .....        (no amulet) Stlth
                     f - ring of resist corrosion
HPRegen 0.26/turn    (no ring)
MPRegen 0.09/turn

%: no passive effects
@: no status effects
A: hooves 1, powered by death 1
a: no special abilities


You were on level 4 of the Dungeon.
You visited 1 branch of the dungeon, and saw 4 of its levels.

You collected 163 gold pieces.

Inventory:

Hand Weapons
 a - a +3 short sword (weapon)
Missiles
 d - 27 stones
 e - 5 boomerangs
 m - 6 poisoned darts (quivered)
Armour
 c - a +0 buckler (worn)
 k - a +0 scale mail (worn)
 n - a +0 helmet (worn)
Magical Staves
 g - a staff of alchemy
Jewellery
 f - a ring of resist corrosion (left hand)
 j - a ring of wizardry
Scrolls
 b - 4 scrolls of teleportation
 l - a scroll of fog {unknown}
 o - a scroll of enchant armour {unknown}
Potions
 h - 2 potions of curing
 i - a potion of mutation


   Skills:
 * Level 2.1 Fighting
 - Level 4.5 Short Blades
 * Level 2.3 Armour
 * Level 2.3 Dodging
 - Level 1.0 Stealth
 * Level 2.3 Shields
 - Level 1.2 Invocations


You had 4 spell levels left.
You didn't know any spells.
Your spell library contained the following spells:

 Spells                   Type           Power      Damage    Failure   Level
 Animate Dead             Necr           0%         N/A       100%        4
 Borgnjor's Vile Clutch   Necr/Erth      0%         N/A       100%        5
 Death Channel            Necr           0%         N/A       100%        6


Dungeon Overview and Level Annotations

Branches:
Dungeon (4/15)
 Temple: D:4-7

Altars:


Innate Abilities, Weirdness & Mutations

You have large cloven feet.
You regenerate a little health from kills.


Message History

Press: ? - help, Q - select action, (/) - cycle Shift-Dir - straight line, f/p - scorpion
Aim: a scorpion (heavily wounded, poisoned, 54% to hit)
You throw a poisoned dart. The poisoned dart hits the scorpion.
The scorpion is heavily wounded.
You hit the scorpion.
The scorpion is almost dead.
The scorpion closely misses you.
You closely miss the scorpion.
The scorpion is almost dead.
You kill the scorpion!
Your Fighting skill increases to level 2!
You have reached level 5!
Your demonic ancestry asserts itself...
Your feet thicken and deform.
You see here a scorpion corpse.
m - 3 poisoned darts (gained 1)
m - 4 poisoned darts (gained 1)
m - 6 poisoned darts (gained 2)
o - a scroll labelled ENIHEFFU BEPHU You now have 163 gold pieces (gained 12).
A kobold comes into view. It is wielding a +0 club.
The kobold barely misses you.
You hit the kobold. You kick the kobold.
You kill the kobold!
No target in view!
No target in view!
No target in view!
No target in view!
No target in view!
No target in view!
No target in view!
No target in view!
No target in view!
No target in view!
No target in view!
No target in view!
No target in view!
No target in view!
No target in view!
Are you sure you want to abandon this character and quit the game? (Confirm with "yes".)

#.# # #.###### #.
#.##...#
#.#####.##...#
###............####
.../..............#
######............#
#............#
#@#####...#### #)#
#...# #.# #...# #.#
##.## ... #.# ...
#.# ### #.#######
#.......# ##.####.#


There were no monsters in sight!

Vanquished Creatures
  A scorpion (D:4)
  4 adders
  4 ball pythons
  2 bats (D:2)
  4 endoplasms
  A giant cockroach (D:1)
  6 goblins
  7 hobgoblins
  9 jackals
  4 frilled lizards (D:2)
  11 kobolds
  3 rats
56 creatures vanquished.

Notes
Turn   | Place    | Note
-------+----------+-------------------------------------------
     0 | D:1      | Chiseanne the Demonspawn Wanderer began the quest for the
                  | Orb.
     0 | D:1      | Chiseanne set off with the following items: a +2 short
                  | sword, 2 scrolls of teleportation, a +0 buckler, a +0
                  | leather armour.
     0 | D:1      | Reached XP level 1. HP: 13/13 MP: 1/1
   337 | D:1      | Gained mutation: You regenerate a little health from kills.
                  | [demonic ancestry]
   337 | D:1      | Reached XP level 2. HP: 20/20 MP: 2/2
   726 | D:2      | Reached skill level 1 in Fighting
   864 | D:2      | Reached XP level 3. HP: 26/26 MP: 3/3
  1657 | D:3      | Reached XP level 4. HP: 32/32 MP: 4/4
  2507 | D:4      | Noticed a scorpion
  2513 | D:4      | Killed a scorpion
  2514 | D:4      | Gained mutation: You have large cloven feet. [demonic
                  | ancestry]
  2514 | D:4      | Reached XP level 5. HP: 38/38 MP: 5/5
  2556 | D:4      | Quit the game

Illustrated notes

Levels and vault maps discovered:
D:1:      shiori_arrival_oz, layout_loops_ring
D:2:      layout_basic, nicolae_eternal_life, kennysheep_generic_room_14
D:3:      layout_basic, serial_forest, infiniplex_forest_end_3,
          infiniplex_forest_lined_corner, infiniplex_forest_clump_C,
          infiniplex_forest_lined_4_way, infiniplex_forest_clump_tiny,
          infiniplex_forest_zigzag_1, infiniplex_forest_pool,
          minmay_misc_feat_four_crosses, minmay_misc_feat_alley
D:4:      layout_loops_ring, mainiacjoe_overflow_swirl,
          kennysheep_generic_room_12

Skill      XL: |  1  2  3  4 |
---------------+-------------+-----
Fighting       | 1 2 |  2.1
Armour         | 2 |  2.3
Dodging        | 2 |  2.3
Shields        | 2 |  2.3
Short Blades   | |  4.5
Stealth        | |  1.0
Invocations    | |  1.2

Action                     |  1- 3 |  4- 6 || total
---------------------------+-------+-------++-------
  Melee: Short sword       |   130 |    56 ||   186
         Kick              |       |     1 ||     1
  Throw: Dart              |       |     4 ||     4
    Use: Scroll            |     3 |     2 ||     5
   Stab: Sleeping          |     1 |       ||     1
 Armour: Ring mail         |    11 |       ||    11
         Scale mail        |    53 |    30 ||    83
  Dodge: Dodged            |    45 |    21 ||    66
  Block: Buckler           |    18 |    13 ||    31
